A+ EAST
WINSTON-SALEM DASH @ WILMINGTON BLUE ROCKS
05/07/2042
 
TOP OF THE 1ST
Winston-Salem Dash batting - Pitching for Wilmington Blue Rocks : RHP Alex DeWitt
Pitching: RHP Alex DeWitt
Batting: RHB Tim Bentley 0-0: Swinging Strike
0-1: Ball
1-1: Foul Ball, location: 7LSF
1-2: Ground out 6-3 (Groundball, 6, EV 85.0 MPH)
Batting: RHB Jeremiah Miller 0-0: Ball
1-0: Ball
2-0: Foul Ball, location: 9LSF
2-1: Called Strike
2-2: Strikes out looking
Batting: LHB Jim Gilbert 0-0: Ball
1-0: SOLO HOME RUN (Flyball, 9LD, EV 91.3 MPH), Distance : 332 ft
Batting: RHB José Mayor 0-0: Ball
1-0: Called Strike
1-1: Fly out, F8 (Flyball, 78D, EV 110.6 MPH)
Top of the 1st over - 1 run, 1 hit, 0 errors, 0 left on base; Winston-Salem 1 - Wilmington 0
BOTTOM OF THE 1ST
Wilmington Blue Rocks batting - Pitching for Winston-Salem Dash : RHP Billy Laitinen
Pitching: RHP Billy Laitinen
Batting: RHB Jesús Balderas 0-0: Called Strike
0-1: Foul Ball, location: 5F
0-2: Ball
1-2: Strikes out swinging
Batting: RHB Colm Heath 0-0: Foul Ball, location: 9LMF
0-1: Foul Ball, location: 9LSF
0-2: Strikes out swinging
Batting: RHB Mal Norton 0-0: DOUBLE (Line Drive, 7LS, EV 93.1 MPH)
Batting: SHB Doug Stevens 0-0: Fly out, F9 (Flyball, 9, EV 85.6 MPH)
Bottom of the 1st over - 0 runs, 1 hit, 0 errors, 1 left on base; Winston-Salem 1 - Wilmington 0
TOP OF THE 2ND
Winston-Salem Dash batting - Pitching for Wilmington Blue Rocks : RHP Alex DeWitt
Batting: SHB Josh Whitaker 0-0: Ball
1-0: Ball
2-0: Called Strike
2-1: SINGLE (Groundball, 4S, EV 65.6 MPH) (infield hit)
Batting: RHB José Cortéz 0-0: Sac Bunt to 15S - play at first, batter OUT! 1-3
Josh Whitaker to second
Batting: LHB Jeff Sullivan 0-0: Ball
Josh Whitaker steals 3rd base
1-0: DOUBLE (Line Drive, 9LS, EV 104.4 MPH)
Josh Whitaker scores
Batting: RHB Vic Miller 0-0: Ball
Jeff Sullivan is caught stealing 3rd base 2-5
1-0: Ground out 6-3 (Groundball, 6, EV 83.1 MPH)
Top of the 2nd over - 1 run, 2 hits, 0 errors, 0 left on base; Winston-Salem 2 - Wilmington 0
BOTTOM OF THE 2ND
Wilmington Blue Rocks batting - Pitching for Winston-Salem Dash : RHP Billy Laitinen
Batting: LHB Jeff Yoder 0-0: Swinging Strike
0-1: Ball
1-1: Called Strike
1-2: Strikes out swinging
Batting: RHB Lonnie Dillard 0-0: Ball
1-0: Foul Ball, location: 3SF
1-1: Ball
2-1: Fly out, F9 (Flyball, 89M, EV 81.9 MPH)
Batting: LHB Dave Lewis 0-0: Ball
1-0: Swinging Strike
1-1: Foul Ball, location: 3F
1-2: Strikes out looking
Bottom of the 2nd over - 0 runs, 0 hits, 0 errors, 0 left on base; Winston-Salem 2 - Wilmington 0
TOP OF THE 3RD
Winston-Salem Dash batting - Pitching for Wilmington Blue Rocks : RHP Alex DeWitt
Batting: SHB Ernesto Contreras 0-0: Ball
1-0: Called Strike
1-1: SINGLE (Line Drive, 89S, EV 105.0 MPH)
Batting: RHB Tim Bentley 0-0: Called Strike
0-1: Ball
1-1: SINGLE (Line Drive, 8LS, EV 85.6 MPH)
Ernesto Contreras to second
Batting: RHB Jeremiah Miller 0-0: Grounds into double play, 6-4-3 (Groundball, 6, EV 90.6 MPH)
Ernesto Contreras to third
Batting: LHB Jim Gilbert 0-0: Ball
1-0: Ball
2-0: Ball
3-0: Called Strike
3-1: Base on Balls
Batting: RHB José Mayor 0-0: Ground out 4-3 (Groundball, 4S, EV 93.1 MPH)
Top of the 3rd over - 0 runs, 2 hits, 0 errors, 2 left on base; Winston-Salem 2 - Wilmington 0
BOTTOM OF THE 3RD
Wilmington Blue Rocks batting - Pitching for Winston-Salem Dash : RHP Billy Laitinen
Batting: RHB Ron Clements 0-0: Ground out 6-3 (Groundball, 6, EV 78.1 MPH)
Batting: RHB Dan Mitchell 0-0: Ball
1-0: Ball
2-0: Foul Ball, location: 2F
2-1: Foul Ball, location: 7LDF
2-2: Strikes out swinging
Batting: RHB Jesús Balderas 0-0: SINGLE (Groundball, 3D, EV 109.4 MPH)
Batting: RHB Colm Heath 0-0: Ball
Jesús Balderas steals 2nd base
1-0: Swinging Strike
1-1: Ball
2-1: Ground out 2-3 (Groundball, 2L, EV 68.1 MPH)
Bottom of the 3rd over - 0 runs, 1 hit, 0 errors, 1 left on base; Winston-Salem 2 - Wilmington 0
TOP OF THE 4TH
Winston-Salem Dash batting - Pitching for Wilmington Blue Rocks : RHP Alex DeWitt
Batting: SHB Josh Whitaker 0-0: Ball
1-0: Foul Ball, location: 2F
1-1: Ground out 3-1 (Groundball, 34, EV 90.0 MPH)
Batting: RHB José Cortéz 0-0: Ground out 6-3 (Groundball, 6, EV 103.8 MPH)
Batting: LHB Jeff Sullivan 0-0: Swinging Strike
0-1: Ground out 4-3 (Groundball, 4, EV 86.3 MPH)
Top of the 4th over - 0 runs, 0 hits, 0 errors, 0 left on base; Winston-Salem 2 - Wilmington 0
BOTTOM OF THE 4TH
Wilmington Blue Rocks batting - Pitching for Winston-Salem Dash : RHP Billy Laitinen
Batting: RHB Mal Norton 0-0: Ball
1-0: Called Strike
1-1: Called Strike
1-2: SINGLE (Groundball, 6MD, EV 95.6 MPH)
Batting: SHB Doug Stevens 0-0: Called Strike
0-1: Ball
1-1: Grounds into double play, 6-4-3 (Groundball, 6MD, EV 97.5 MPH)
Batting: LHB Jeff Yoder 0-0: Ball
1-0: Ground out 1-3 (Groundball, 15S, EV 70.0 MPH)
Bottom of the 4th over - 0 runs, 1 hit, 0 errors, 0 left on base; Winston-Salem 2 - Wilmington 0
TOP OF THE 5TH
Winston-Salem Dash batting - Pitching for Wilmington Blue Rocks : RHP Alex DeWitt
Batting: RHB Vic Miller 0-0: DOUBLE (Line Drive, 9D, EV 103.1 MPH)
Batting: SHB Ernesto Contreras 0-0: Ball
1-0: Foul Ball, location: 3DF
1-1: Ball
2-1: Foul Ball, location: 3F
2-2: Ground out U3 (Groundball, 34S, EV 80.6 MPH)
Vic Miller to third
Batting: RHB Tim Bentley 0-0: Ball
1-0: Ball
2-0: Called Strike
2-1: Ball
3-1: Base on Balls
Batting: RHB Jeremiah Miller 0-0: Foul Ball, location: 9LDF
0-1: Called Strike
0-2: 3-RUN HOME RUN (Flyball, 7LD, EV 90.0 MPH), Distance : 347 ft
Pitching: LHP Alex Bryan
Batting: LHB Jim Gilbert 0-0: Ball
1-0: Called Strike
1-1: Ball
2-1: Ball
3-1: Base on Balls
Batting: RHB José Mayor 0-0: Ball
1-0: Ball
2-0: Ball
3-0: Called Strike
3-1: Foul Ball, location: 2F
3-2: Base on Balls
Jim Gilbert to second
Batting: SHB Josh Whitaker 0-0: SINGLE (Line Drive, 7S, EV 88.8 MPH)
Jim Gilbert to third
José Mayor to second
Batting: RHB José Cortéz 0-0: Ball
1-0: Called Strike
1-1: Ball
2-1: Fly out, F8 (Flyball, 8LXD, EV 87.5 MPH)
Runner from 3rd tags up, SCORES, no throw by CF
Batting: LHB Jeff Sullivan 0-0: Ball
1-0: Ball
2-0: Fly out, F8 (Flyball, 78M, EV 96.9 MPH)
Top of the 5th over - 4 runs, 3 hits, 0 errors, 2 left on base; Winston-Salem 6 - Wilmington 0
BOTTOM OF THE 5TH
Wilmington Blue Rocks batting - Pitching for Winston-Salem Dash : RHP Billy Laitinen
Batting: RHB Lonnie Dillard 0-0: Ball
1-0: Called Strike
1-1: Called Strike
1-2: Strikes out swinging
Batting: LHB Dave Lewis 0-0: Ball
1-0: Foul Ball, location: 25FF
1-1: Ground out 5-3 (Groundball, 5, EV 85.6 MPH)
Batting: RHB Ron Clements 0-0: Ball
1-0: Called Strike
1-1: Swinging Strike
1-2: Foul Ball, location: 5F
1-2: Ball
2-2: Strikes out swinging
Bottom of the 5th over - 0 runs, 0 hits, 0 errors, 0 left on base; Winston-Salem 6 - Wilmington 0
TOP OF THE 6TH
Winston-Salem Dash batting - Pitching for Wilmington Blue Rocks : LHP Alex Bryan
Batting: RHB Vic Miller 0-0: Ball
1-0: Ground out 6-3 (Groundball, 56, EV 96.9 MPH)
Batting: SHB Ernesto Contreras 0-0: Ball
1-0: Called Strike
1-1: Ball
2-1: Ball
3-1: Foul Ball, location: 9LSF
3-2: Foul Ball, location: 2F
3-2: Foul Ball, location: 23F
3-2: Base on Balls
Pitching: RHP Monte Robinson
Batting: RHB Tim Bentley 0-0: Called Strike
0-1: Swinging Strike
0-2: Foul Ball, location: 2F
0-2: Ball
1-2: Grounds into double play, 6-4-3 (Groundball, 6, EV 101.9 MPH)
Top of the 6th over - 0 runs, 0 hits, 0 errors, 0 left on base; Winston-Salem 6 - Wilmington 0
BOTTOM OF THE 6TH
Wilmington Blue Rocks batting - Pitching for Winston-Salem Dash : RHP Billy Laitinen
Batting: RHB Dan Mitchell 0-0: Called Strike
0-1: SINGLE (Line Drive, 89S, EV 102.5 MPH)
Batting: RHB Jesús Balderas 0-0: SINGLE (Line Drive, 56D, EV 96.3 MPH)
Dan Mitchell to second
Batting: RHB Colm Heath 0-0: Called Strike
0-1: Grounds into double play, 6-4-3 (Groundball, 6, EV 86.3 MPH)
Dan Mitchell to third
Batting: RHB Mal Norton 0-0: Called Strike
0-1: Called Strike
0-2: Ball
1-2: Strikes out looking
Bottom of the 6th over - 0 runs, 2 hits, 0 errors, 1 left on base; Winston-Salem 6 - Wilmington 0
TOP OF THE 7TH
Winston-Salem Dash batting - Pitching for Wilmington Blue Rocks : RHP Monte Robinson
Batting: RHB Jeremiah Miller 0-0: Ball
1-0: Ball
2-0: SOLO HOME RUN (Flyball, 8LXD, EV 113.1 MPH), Distance : 428 ft
Pinch Hitting: LHB Denver Green 0-0: Ball
1-0: Called Strike
1-1: Ball
2-1: Ball
3-1: Base on Balls
Batting: RHB José Mayor 0-0: Called Strike
0-1: Foul Ball, location: 2F
0-2: Ball
1-2: Ball
2-2: Foul Ball, location: 9LMF
2-2: Ball
3-2: Foul Ball, location: 3SF
3-2: Base on Balls
Denver Green to second
Pinch Hitting: SHB Valter Corinha 0-0: Ball
1-0: Fielders Choice at 2nd, 3-6 (Groundball, 3, EV 106.9 MPH)
Denver Green to third
Batting: RHB José Cortéz 0-0: DOUBLE (Line Drive, 7LS, EV 110.0 MPH)
Denver Green scores
Valter Corinha to third
Batting: LHB Jeff Sullivan 0-0: Ball
1-0: Ball
2-0: Called Strike
2-1: Called Strike
2-2: Foul Ball, location: 2F
2-2: Foul Ball, location: 23FF
2-2: Foul Ball, location: 3FF
2-2: Strikes out swinging
Batting: RHB Vic Miller 0-0: Ball
1-0: Swinging Strike
1-1: Ball
2-1: Ball
3-1: Ground out 6-3 (Groundball, 6, EV 83.1 MPH)
Top of the 7th over - 2 runs, 2 hits, 0 errors, 2 left on base; Winston-Salem 8 - Wilmington 0
BOTTOM OF THE 7TH
Wilmington Blue Rocks batting - Pitching for Winston-Salem Dash : RHP Billy Laitinen
Now at 2B: Valter Corinha
Now in LF: Denver Green
Pinch Hitting: RHB José Gómez 0-0: Called Strike
0-1: Ball
1-1: Foul Ball, location: 3F
1-2: Strikes out looking
Pinch Hitting: SHB António Rodríguez 0-0: Called Strike
0-1: Ball
1-1: Ground out U3 (Groundball, 3S, EV 70.0 MPH)
Batting: RHB Lonnie Dillard 0-0: Foul Ball, location: 2F
0-1: Called Strike
0-2: Ball
1-2: Foul Ball, location: 2F
1-2: Strikes out swinging
Bottom of the 7th over - 0 runs, 0 hits, 0 errors, 0 left on base; Winston-Salem 8 - Wilmington 0
TOP OF THE 8TH
Winston-Salem Dash batting - Pitching for Wilmington Blue Rocks : RHP Monte Robinson
Now at 1B: Ron Clements
Now at 2B: António Rodríguez
Now in RF: José Gómez
Batting: SHB Ernesto Contreras 0-0: Ball
1-0: Foul Ball, location: 7LMF
1-1: Called Strike
1-2: Foul Ball, location: 2RF
1-2: Strikes out swinging, 2-3 out at first.
Batting: RHB Tim Bentley 0-0: Ball
1-0: Ball
2-0: Foul Ball, location: 9LSF
2-1: Ball
3-1: Swinging Strike
3-2: Base on Balls
Pinch Hitting: SHB Zane Skinner 0-0: Called Strike
0-1: Ball
1-1: Called Strike
1-2: Foul Ball, location: 3F
1-2: Foul Ball, location: 7LSF
1-2: Foul Ball, location: 3F
1-2: Strikes out looking
Pinch Hitting: LHB Tommy Higgins 0-0: Called Strike
Tim Bentley steals 2nd base (no throw)
0-1: Fly out, F8 (Flyball, 8LS, EV 88.8 MPH)
Top of the 8th over - 0 runs, 0 hits, 0 errors, 1 left on base; Winston-Salem 8 - Wilmington 0
BOTTOM OF THE 8TH
Wilmington Blue Rocks batting - Pitching for Winston-Salem Dash : RHP Billy Laitinen
Now at 1B: Zane Skinner
Now in LF: Jeff Sullivan
Now in RF: Adrián Franco
Batting: LHB Dave Lewis 0-0: Called Strike
0-1: Ball
1-1: Foul Ball, location: 2F
1-2: Ball
2-2: Ball
3-2: Ground out 5-3 (Groundball, 5, EV 80.0 MPH)
Pinch Hitting: LHB Aurelio Martínez 0-0: Ball
1-0: Ball
2-0: Foul Ball, location: 25F
2-1: Foul Ball, location: 3FF
2-2: Ball
3-2: Ground out U3 (Groundball, 3L, EV 91.9 MPH)
Pinch Hitting: RHB Juan Calderón 0-0: Ball
1-0: Called Strike
1-1: Swinging Strike
1-2: Ball
2-2: Strikes out swinging
Bottom of the 8th over - 0 runs, 0 hits, 0 errors, 0 left on base; Winston-Salem 8 - Wilmington 0
TOP OF THE 9TH
Winston-Salem Dash batting - Pitching for Wilmington Blue Rocks : RHP Monte Robinson
Now at 1B: Aurelio Martínez
Now at SS: Juan Calderón
Batting: RHB José Mayor 0-0: Foul Ball, location: 5DF
0-1: Swinging Strike
0-2: Ball
1-2: Ball
2-2: Ball
3-2: DOUBLE (Flyball, 89D, EV 96.3 MPH)
Pitching: RHP Chris Hucknall
Batting: SHB Valter Corinha 0-0: Called Strike
0-1: Ball
1-1: Ball
2-1: Foul Ball, location: 7LMF
2-2: Fly out, F4 (Popup, 4MS, EV 82.5 MPH)
Batting: RHB José Cortéz 0-0: Foul Ball, location: 2F
0-1: Ball
1-1: Swinging Strike
1-2: Strikes out swinging
Batting: LHB Jeff Sullivan 0-0: Ball
1-0: Foul Ball, location: 7LSF
1-1: Ball
2-1: Ball
3-1: Foul Ball, location: 2F
3-2: Foul Ball, location: 23FF
3-2: SINGLE (Line Drive, 34, EV 98.1 MPH)
José Mayor to third
Batting: RHB Vic Miller 0-0: Called Strike
0-1: Swinging Strike
0-2: Ball
1-2: Strikes out swinging
Top of the 9th over - 0 runs, 2 hits, 0 errors, 2 left on base; Winston-Salem 8 - Wilmington 0
BOTTOM OF THE 9TH
Wilmington Blue Rocks batting - Pitching for Winston-Salem Dash : RHP Billy Laitinen
Pinch Hitting: RHB Rob Ray 0-0: Swinging Strike
0-1: Ground out 5-3 (Groundball, 5, EV 105.6 MPH)
Pinch Hitting: RHB Dave Austin 0-0: Called Strike
0-1: Ground out 5-3 (Groundball, 56S, EV 81.3 MPH)
Pinch Hitting: RHB Tim McKernan 0-0: Called Strike
0-1: SINGLE (Groundball, 4MS, EV 65.6 MPH) (infield hit)
Pinch Hitting: RHB Jean-Claude Dubos 0-0: SINGLE (Groundball, 4MD, EV 99.4 MPH)
Tim McKernan to second
Batting: SHB António Rodríguez 0-0: Ball
1-0: Foul Ball, location: 9LMF
1-1: Ground out 3-1 (Groundball, 13, EV 82.5 MPH)
Bottom of the 9th over - 0 runs, 2 hits, 0 errors, 2 left on base; Winston-Salem 8 - Wilmington 0
Friday, May 3rd , 2024 - OOTP Baseball 24.10 Build 82